Map: Ultralove

Players

LigerMaNN

  • Race: Zerg Zerg
  • League: Diamond
  • Spawn Location: 7:00

avp - Winner!

  • Race: Terran Terran
  • League: Diamond
  • Spawn Location: 1:00

VOD

Have the link to the VOD?

Description

Time

  • Played on: June 28, 2025, 4:03 p.m.
  • Length: 14:24
Show
View Real Time Build Order
Export as new Build Order

LigerMaNN Zerg 

Build Orders: Hatch First, Ravager All-In 

Get SALT Encoding   

  12  0:01  Drone  
  13  0:12  Overlord  
  13  0:18  Drone  
  14  0:31  Drone x2  
  14  0:34  Drone  
  17  0:51  Hatchery  
  17  0:54  Drone  
  17  0:58  Drone  
  18  1:07  Extractor  
  17  1:15  Spawning Pool  
  17  1:17  Drone  
  17  1:20  Drone  
  18  1:28  Drone  
  19  1:39  Drone  
  20  1:49  Drone  
  21  2:11  Queen  
  21  2:15  Roach Warren  
  21  2:16  Drone  
  21  2:17  Drone x2, Extractor  
  21  2:19  Drone  
  24  2:24  Drone  
  24  2:43  Spine Crawler  
  23  2:45  Zergling x6  
  23  2:46  Zergling x2  
  27  3:02  Overlord x2  
  27  3:05  Metabolic Boost  
  27  3:27  Roach x5  
  27  3:32  Overlord  
  37  3:43  Overlord  
  37  3:52  Ravager  
  38  3:56  Overlord  
  38  4:01  Ravager x3  
  38  4:02  Ravager  
  42  4:14  Roach x2  
  42  4:15  Roach  
  48  4:19  Zergling x2  
  48  4:40  Zergling x4  
  48  4:43  Ravager x2  
  52  4:45  Hatchery  
  51  4:57  Ravager  
  51  4:59  Zergling x4  
  52  5:14  Queen  
  27  5:46  Drone x5  
  27  5:47  Drone  
  30  6:05  Drone x2  
  32  6:12  Drone x3  
  32  6:13  Drone x2  
  37  6:22  Drone x2  
  39  6:27  Hatchery  
  39  6:31  Queen  
  40  6:37  Drone x2  
  40  6:38  Drone  
  43  6:41  Drone x2  
  45  6:47  Baneling Nest  
  45  6:49  Evolution Chamber  
  43  6:54  Lair  
  43  6:56  Evolution Chamber  
  42  7:07  Queen  
  44  7:18  Zerg Ground Armor Level 1  
  44  7:20  Zergling x18  
  53  7:24  Zerg Melee Weapons Level 1  
  53  7:32  Drone x2  
  55  7:45  Queen  
  55  7:46  Queen  
  59  7:53  Drone  
  59  7:54  Drone x6  
  59  7:56  Overlord  
  63  8:18  Zergling x4  
  63  8:19  Zergling x18  
  66  8:27  Drone x2  
  66  8:28  Drone x3  
  66  8:32  Centrifugal Hooks  
  71  8:43  Zergling x6  
  71  9:02  Drone x2  
  73  9:04  Overlord x7  
  73  9:16  Zerg Ground Armor Level 2  
  73  9:17  Spire  
  72  9:22  Drone x4  
  72  9:23  Drone x5, Extractor  
  80  9:24  Extractor  
  80  9:31  Drone, Extractor  
  80  9:33  Extractor  
  78  9:45  Hatchery  
  78  9:50  Baneling x6  
  78  9:51  Baneling x6  
  77  9:55  Zergling x18  
  77  9:56  Hatchery  
  85  10:12  Evolution Chamber  
  84  10:22  Overlord x2  
  84  10:23  Overlord x3  
  84  10:34  Overlord x2  
  84  10:38  Zerg Melee Weapons Level 2  
  84  10:42  Drone  
  85  10:43  Drone x5  
  89  11:06  Mutalisk x4  
  89  11:07  Mutalisk x6  
  109  11:17  Mutalisk x4  
  117  11:22  Drone x7  
  117  11:23  Drone x2  
  121  11:37  Zergling x2  
  121  11:38  Zergling x14  
  119  11:51  Drone x8  
  119  11:52  Drone x2  
  97  12:07  Drone x7  
  100  12:12  Drone x6  
  100  12:15  Drone  
  107  12:18  Drone x2  
  107  12:19  Drone x3  
  85  12:50  Zergling x2  
  85  12:51  Zergling x22  
  91  12:59  Zergling x4  
  87  13:11  Baneling  
  87  13:12  Baneling x23  
  87  13:23  Drone  
  87  13:24  Drone x2, Extractor x2  
  87  13:25  Drone x3  
  92  13:27  Drone x3  
  92  13:28  Overlord x3  
  92  13:31  Hatchery  
  93  13:38  Queen  
  93  13:39  Queen x3  
Show
View Real Time Build Order
Export as new Build Order

avp Terran - Winner!

Build Orders:  

Get SALT Encoding   

  12  0:00  SCV  
  13  0:12  SCV  
  14  0:21  Supply Depot  
  14  0:26  SCV  
  15  0:46  Barracks  
  15  0:52  Barracks  
  15  0:58  SCV  
  16  1:11  Supply Depot  
  16  1:14  SCV  
  17  1:26  SCV  
  18  1:34  Marine  
  18  1:39  Marine  
  20  1:51  Bunker, Marine  
  20  1:52  Bunker  
  20  1:53  Orbital Command  
  21  1:57  Marine  
  22  2:09  Marine  
  22  2:15  Marine  
  24  2:19  SCV  
  24  2:22  Refinery  
  25  2:24  Refinery  
  25  2:27  Marine  
  26  2:30  Supply Depot  
  26  2:33  Marine  
  27  2:53  Command Center  
  27  3:11  SCV  
  28  3:17  Factory  
  28  3:23  SCV  
  29  3:42  SCV  
  30  3:53  Command Center  
  30  3:54  SCV  
  31  4:03  Factory Tech Lab  
  30  4:10  Bunker  
  30  4:15  Bunker  
  30  4:25  Siege Tank  
  32  4:35  Marine x2  
  33  4:50  Orbital Command  
  33  4:58  Siege Tank  
  36  5:14  Marine  
  34  5:32  Marine  
  30  5:50  Supply Depot, Marine  
  30  5:56  SCV  
  33  6:02  Orbital Command  
  32  6:08  Marine  
  33  6:12  Siege Tank  
  36  6:26  Marine  
  36  6:29  Orbital Command  
  36  6:31  Bunker  
  37  6:38  Engineering Bay  
  37  6:39  Engineering Bay  
  37  6:40  Supply Depot  
  37  6:43  Armory  
  37  6:44  SCV x2  
  39  6:55  Barracks Tech Lab x2  
  39  6:57  Siege Tank  
  42  7:03  Starport  
  42  7:07  Terran Infantry Weapons Level 1  
  42  7:08  Terran Infantry Armor Level 1  
  42  7:12  SCV x3  
  42  7:15  Marine x2  
  47  7:20  Stimpack  
  47  7:24  SCV  
  47  7:28  SCV  
  49  7:32  SCV  
  50  7:45  Combat Shield  
  50  7:46  Marine x2  
  50  7:49  SCV  
  50  7:50  SCV x2  
  55  7:56  Supply Depot  
  55  7:59  Supply Depot  
  55  8:01  Command Center, SCV  
  55  8:02  SCV  
  55  8:04  Marine x2  
  50  8:22  Marine x2  
  50  8:24  SCV x2  
  50  8:25  SCV, Medivac  
  56  8:33  Barracks  
  56  8:36  SCV  
  56  8:37  Barracks  
  56  8:38  Barracks  
  56  8:39  Marine  
  56  8:40  Marine  
  56  8:41  SCV  
  54  8:57  Marine  
  54  8:58  Marine, SCV x3  
  54  9:02  Barracks, Medivac  
  59  9:04  Barracks  
  59  9:08  Barracks x2  
  59  9:10  Barracks  
  59  9:11  Barracks  
  59  9:13  Barracks  
  59  9:15  Marine  
  60  9:19  SCV x2  
  62  9:24  Command Center  
  62  9:28  Terran Infantry Armor Level 2, Terran Infantry Weapons Level 2  
  62  9:36  Marine x4  
  62  9:37  Refinery  
  66  9:39  Refinery  
  66  9:41  SCV x2  
  66  9:45  Planetary Fortress  
  68  9:48  SCV  
  69  9:53  Marine  
  69  9:55  SCV x2  
  69  9:56  Marine  
  69  9:57  Marine  
  74  10:00  SCV  
  74  10:04  Marine  
  76  10:11  Marine  
  76  10:13  Marine  
  78  10:14  Marine, Starport Reactor  
  78  10:15  Barracks Tech Lab x4  
  78  10:16  Barracks Tech Lab x2  
  78  10:18  Barracks Tech Lab  
  79  10:22  Marine  
  79  10:26  SCV  
  79  10:27  SCV  
  82  10:29  Marine  
  82  10:31  Marine  
  82  10:32  Marine  
  82  10:34  SCV  
  86  10:36  SCV  
  86  10:40  Marine  
  88  10:44  SCV  
  88  10:45  SCV  
  88  10:46  SCV  
  88  10:47  Marine  
  88  10:48  SCV  
  93  10:55  Marine x4  
  93  10:56  Marine x4  
  101  10:57  SCV x2  
  101  10:58  SCV  
  101  11:00  SCV  
  105  11:04  Marine x3  
  105  11:09  SCV  
  109  11:13  Marine x3  
  109  11:14  Marine x5  
  109  11:16  SCV x3  
  121  11:21  SCV  
  121  11:22  Marine  
  121  11:24  Marine  
  123  11:31  Marine  
  123  11:40  Marine  
  123  11:41  Marine  
  123  11:43  Marine  
  123  11:45  Marine  
  123  11:53  Marine  
  123  11:54  Marine x2  
  120  12:05  Marine  
  120  12:06  Marine, SCV  
  120  12:07  Missile Turret  
  108  12:09  Missile Turret x2  
  108  12:10  Missile Turret  
  108  12:15  Missile Turret x2  
  108  12:16  Missile Turret x2  
  108  12:17  Missile Turret  
  108  12:18  Missile Turret  
  108  12:19  Missile Turret, Planetary Fortress  
  108  12:21  Missile Turret  
  108  12:22  Missile Turret  
  108  12:24  Missile Turret  
  98  12:39  Marine x2  
  98  12:40  Marine x9  
  108  12:57  Marine x2  
  108  12:58  Marine x5  
  115  13:03  Marine x2  
  115  13:04  Marine x2  
  104  13:15  Marine x4  
  104  13:16  Marine x3  
  111  13:21  Missile Turret, Marine x3  
  111  13:22  Marine  
  111  13:23  Missile Turret x2  
  111  13:24  Supply Depot, Barracks Reactor  
  114  13:28  Missile Turret  
  114  13:33  Marine x7  
  121  13:37  Missile Turret x2  
  121  13:38  Missile Turret  
  121  13:39  Marine x3  
  121  13:40  Missile Turret, Marine, SCV  
  121  13:41  SCV x3  
  129  13:42  Missile Turret  
  129  13:46  SCV  
  130  13:49  Command Center  
  130  13:50  Command Center, Marine  
  130  13:51  Refinery, Marine x6  
  130  13:52  Refinery  
  130  13:53  SCV x2  
  139  13:57  Marine x4  
  139  14:01  Missile Turret  
  142  14:04  Marine x2  
Tags
 
Matchup
TvZ
Replay Pack
June 2025
Spawn Locations
Cross Positions
Add a new tag
Caveats
  • Supply blocks, unpowered buildings, or Contaminate may cause inaccurate times.
  • Supply counts are checked every 10 seconds.